 Dungeon Crawl Stone Soup version 0.30.0-5-g1a98f26d00 (webtiles) character file.

Game seed: 6251423495448483966

147738 browni3141 the Orthodox (level 17, -4/97 (128) HPs)
             Began as a Formicid Ice Elementalist on May 11, 2023.
             Was an Elder of Zin.
             Slain by a +3 dire flail of pain (28 damage)
             ... on level 1 of the Elven Halls.
             The game lasted 02:21:31 (30747 turns).

browni3141 the Orthodox (FoIE)                     Turns: 30747, Time: 02:21:31

HP:   -4/97 (128)   AC:  9    Str: 15    XL:     17   Next: 76%
MP:   9/39          EV: 15    Int: 19    God:    Zin [****..]
Gold: 840           SH: 21    Dex: 20    Spells: 4/28 levels left

rFire   + . .        a - staff of poison "Bietumick" {rElec rPois rN+ Will++ MP+9}
rCold   + + +        v - +0 tower shield
rNeg    + . .        h - +0 troll leather armour
rPois   +            (helmet unavailable)
rElec   +            R - scarf {rC+ rF+}
rCorr   .            T - +0 pair of gloves of Responsibility {rC++ Int-2}
SInv    +            K - +2 pair of boots
Will    +++..        e - amulet of magic regeneration
Stlth   +++          j - ring of wizardry
HPRegen 1.16/turn    p - +6 ring of dexterity
MPRegen 0.66/turn

%: wizardry (x1)
@: heavily drained
A: permanent stasis, dig shafts and tunnels, antennae 3, four strong arms
}: 1/15 runes: decaying
a: Dig, Shaft Self, Renounce Religion, Recite, Vitalisation, Imprison, Donate
Gold


You were on level 1 of the Elven Halls.
You worshipped Zin.
Zin was greatly pleased with you.
You visited 7 branches of the dungeon, and saw 28 of its levels.
You also visited: Ossuary, Volcano and Wizlab.

You collected 2442 gold pieces.
You spent 1109 gold pieces at shops.
You donated 493 gold pieces to Zin.

Inventory:

Hand Weapons
 b - the +10 whip of Compound Interest {speed, Int+3}
   (You found it on level 1 of the Spider Nest)

   Int:       It affects your intelligence (+3).
Missiles
 k - 5 javelins
 x - 4 curare-tipped darts
 J - 15 poisoned darts (quivered)
 Z - 2 throwing nets
Armour
 h - a +0 troll leather armour (worn)
 v - a +0 tower shield (worn)
 K - a +2 pair of boots (worn)
 R - a scarf of resistance (worn)
 T - the +0 pair of gloves of Responsibility (worn) {rC++ Int-2}
   (You bought it in a shop on level 1 of the Orcish Mines)

   Int:       It affects your intelligence (-2).
   rC:        It greatly protects you from cold.
Magical Staves
 a - the staff of poison "Bietumick" (weapon) {rElec rPois rN+ Will++ MP+9}
   (You found it on level 3 of the Lair of Beasts)

   [staff of poison]

   Base accuracy: +5 Base damage: 5 Base attack delay: 1.2 This weapon's minimum
   attack delay (0.6) is reached at skill level 12.
   rElec:     It insulates you from electricity.
   rPois:     It protects you from poison.
   rN:        It protects you from negative energy.
   MP:        It affects your magic capacity (+9).
   Will:      It greatly increases your willpower.
   It falls into the 'Staves' category.
   It is a weapon for one hand-pair.
Jewellery
 d - a +6 ring of strength
 e - an amulet of magic regeneration (around neck)
 j - a ring of wizardry (left hand)
 p - a +6 ring of dexterity (right hand)
 u - an amulet of regeneration
 w - a ring of resist corrosion
 M - a ring of flight
 S - an amulet of guardian spirit
 W - a +6 ring of strength
Wands
 f - a wand of roots (9)
 i - a wand of mindburst (22)
 t - a wand of charming (27)
 B - a wand of digging (8)
 V - a wand of flame (13)
Scrolls
 g - 2 scrolls of noise
 l - 3 scrolls of poison
 r - 5 scrolls of identify
 s - 2 scrolls of immolation
 y - a scroll of amnesia
 z - 7 scrolls of vulnerability
 E - 3 scrolls of enchant weapon
 G - 3 scrolls of blinking
 I - 2 scrolls of brand weapon
 L - a scroll of butterflies
 N - 12 scrolls of teleportation
 O - 3 scrolls of fear
 Q - a scroll of silence
 U - 7 scrolls of fog
 X - 5 scrolls of magic mapping
 Y - 3 scrolls of enchant armour
Potions
 c - 4 potions of cancellation
 m - 3 potions of magic
 n - 6 potions of lignification {unknown}
 q - 4 potions of degeneration {unknown}
 A - 6 potions of mutation {unknown}
 C - 5 potions of curing
 F - 9 potions of flight
 H - a potion of heal wounds
 P - 4 potions of brilliance
Miscellaneous
 o - a lightning rod (4/4)
 D - a phantom mirror (inert)


   Skills:
 - Level 10.0 Fighting
 - Level 4.0 Armour
 - Level 8.0 Dodging
 - Level 4.0 Stealth
 - Level 16.0 Shields
 - Level 6.0 Spellcasting
 - Level 6.0 Conjurations
 - Level 8.0 Hexes
 - Level 4.0 Summonings
 * Level 16.0 Ice Magic
 - Level 4.0 Air Magic
 - Level 18.0 Invocations


You had 4 spell levels left.
You knew the following spells:

 Your Spells              Type           Power      Damage    Failure   Level
a - Metabolic Englaciati  Hex/Ice        25%        N/A       3%          5
b - Summon Ice Beast      Ice/Summ       43%        N/A       2%          4
c - Freezing Cloud        Conj/Ice/Air   19%        6-21      14%         5
h - Hailstorm             Conj/Ice       47%        3d11      1%          3
o - Ozocubu's Armour      Ice            61%        N/A       1%          3
r - Frozen Ramparts       Ice            100%       1d16      1%          3
z - Freeze                Ice            100%       1d10      1%          1

Your spell library contained the following spells:

 Spells                   Type           Power      Damage    Failure   Level
 Summon Small Mammal      Summ           80%        N/A       3%          1
 Kiss of Death            Conj/Necr      68%        2d10      5%          1
 Ice Form                 Ice/Tmut       36%        N/A       6%          4
 Poisonous Vapours        Pois/Air       38%        N/A       12%         2
 Mephitic Cloud           Conj/Pois/Air  27%        N/A       14%         3
 Apportation              Tloc           10%        N/A       17%         1
 Beastly Appendage        Tmut           10%        N/A       17%         1
 Necrotise                Necr           20%        1d5       17%         1
 Passwall                 Tmut/Erth      4%         N/A       26%         2
 Sublimation of Blood     Necr           5%         N/A       26%         2
 Wereblood                Tmut           5%         N/A       26%         2
 Sticky Flame             Conj/Fire      17%        2d4       43%         4
 Ignite Poison            Fire/Tmut/Pois 8%         N/A       45%         3
 Spider Form              Tmut/Pois      8%         N/A       45%         3
 Petrify                  Tmut/Erth      5%         N/A       83%         4
 Arcjolt                  Conj/Air       12%        1d22      50%         5
 Simulacrum               Ice/Necr       18%        N/A       65%         6
 Irradiate                Conj/Tmut      8%         3d14      77%         5
 Alistair's Intoxication  Tmut/Pois      5%         N/A       99%         5
 Borgnjor's Vile Clutch   Necr/Erth      2%         N/A       99%         5
 Eringya's Noxious Bog    Tmut/Pois      4%         N/A       100%        6
 Ignition                 Fire           2%         3d3       100%        8
 Maxwell's Capacitive Co  Air            10%        ∞         100%        8
 Vhi's Electric Charge    Tloc/Air       Unusable   N/A       N/A         3

Dungeon Overview and Level Annotations

Branches:
Dungeon (11/15)            Temple (1/1) D:7            Lair (5/5) D:8
  Swamp (4/4) Lair:2       Spider (4/4) Lair:2        Slime (0/5) Lair:4
    Orc (2/2) D:10            Elf (1/3) Orc:2       Ossuary (visited)
Volcano (visited)          WizLab (visited)

Altars:
Ashenzari
Cheibriados
Dithmenos
Elyvilon
Fedhas
Gozag
Hepliaklqana
Kikubaaqudgha
Makhleb
Nemelex Xobeh
Okawaru
Qazlal
Ru
Sif Muna
Trog
Uskayaw
Vehumet
Wu Jian
Xom
Yredelemnul
Zin
The Shining One
Jiyva

Shops:
D:1 :((   D:3 *   D:7 *   D:11 *   Orc:1 [**   Orc:2 (=*[

Annotations:
Spider:2 2 transporters, exclusions: 2 downstairs and orange crystal statue


Innate Abilities, Weirdness & Mutations

You cannot be hasted, slowed, berserked, paralysed or teleported.
You can dig through walls and to a lower floor.
You have a pair of large antennae on your head. (SInv)
Your four strong arms can wield two-handed weapons with a shield.


Message History

Your ice beast is unaffected.
The grasping roots constrict the +3 dire flail of pain, but do no damage.
You block the +3 dire flail of pain's attack.
Your ice beast hits the +3 dire flail of pain but does no damage.
You retract your mandibles.
Unknown command.
You extend your mandibles.
You dig through the rock wall.
You feel drained.
The grasping roots constrict the +3 dire flail of pain.
The +3 dire flail of pain escapes!
The +3 dire flail of pain hits you!!
* * * LOW HITPOINT WARNING * * *
Activating: Sanctuary (1% risk of failure)
Press: ? - help, Dir - look around, f - activate You hear a choir sing!
By Zin's power, all blood is cleared from the sanctuary.
The +3 dire flail of pain turns to flee the light!
You can no longer call upon Zin to create a sanctuary.
Okay, then.
Unknown command.
Unknown command.
Unknown command.
Unknown command.
Okay, then.
Unknown command.
Okay, then.
Unknown command.
You feel better.
You retract your mandibles.
You swap places.
A deep elf pyromancer comes into view. It is wielding a +0 short sword.
You swap places.
You extend your mandibles.
You dig through the rock wall.
You feel drained.
The sanctuary disappears.
Something hits your ice beast!! x2
Your ice beast dies!
Your ice beast disappears in a puff of smoke!
Casting: Summon Ice Beast (mildly dangerous; 2% risk of failure)
Confirm with . or Enter, or press ? or * to list all spells.
A chill wind blows around you.
Something closely misses your ice beast.
Something completely misses your ice beast.
Something hits your ice beast!!
Something closely misses your ice beast.
Something hits your ice beast!!
Your ice beast dies!
Your ice beast disappears in a puff of smoke!
Casting: Summon Ice Beast (mildly dangerous; 2% risk of failure)
Confirm with . or Enter, or press ? or * to list all spells.
A chill wind blows around you. Something barely misses your ice beast.
Something hits your ice beast!!
Something closely misses your ice beast.
Something hits your ice beast!!
Your ice beast dies!
Your ice beast disappears in a puff of smoke!
Casting: Summon Ice Beast (mildly dangerous; 2% risk of failure)
Confirm with . or Enter, or press ? or * to list all spells.
A chill wind blows around you. Something hits your ice beast!!
Something hits your ice beast!
Your ice beast dies!
Your ice beast disappears in a puff of smoke!
Casting: Summon Ice Beast (mildly dangerous; 2% risk of failure)
Confirm with . or Enter, or press ? or * to list all spells.
A chill wind blows around you. Something hits your ice beast!
Something completely misses your ice beast.
Okay, then.
Unknown command.
Something hits your ice beast!!
Your ice beast dies!
Your ice beast disappears in a puff of smoke!
Casting: Summon Ice Beast (mildly dangerous; 2% risk of failure)
Confirm with . or Enter, or press ? or * to list all spells.
A chill wind blows around you. Something hits your ice beast!
Something completely misses your ice beast.
Something hits your ice beast! Something hits your ice beast!!
Your ice beast dies!
Your ice beast disappears in a puff of smoke!
You retract your mandibles.
You extend your mandibles.
You dig through the rock wall.
You feel drained. The +3 dire flail of pain hits you!
* * * LOW HITPOINT WARNING * * *
You dig through the rock wall.
You feel drained.
The +3 dire flail of pain attacks as you move away!
You block the +3 dire flail of pain's attack.
You dig through the rock wall.
You feel drained. The +3 dire flail of pain hits you!!
* * * LOW HITPOINT WARNING * * *
You dig through the rock wall.
You feel drained.
You hear a shout!
Unknown command.
Aiming: Fastroot
Press: ? - help, Shift-Dir - straight line The roots erupt in riotous growth!
Roots grab the +3 dire flail of pain.
Roots grab the deep elf annihilator.
The grasping roots constrict the +3 dire flail of pain.
The grasping roots constrict the deep elf annihilator!
You hear a shout!
The +3 dire flail of pain hits you!!
You die...

..###.#......#.#.##
.##
#.#.#...#.#.#.## .
####.#.#....)..## .
#.#.#.#.#..##§# .
#....#...#.#.## .
#∩..#.#..e###.# .
#######.#.##e##
#...#(## ###..@##
###...### #.......#
####.......#
...........#
###.......#
#.......# ###...###
##.## {##.


You could see a deep elf annihilator (rooted), a deep elf pyromancer and a +3
dire flail of pain (rooted).

Vanquished Creatures
  Frances (Swamp:1)
  An emperor scorpion (Spider:3)
  Aizul (Spider:1)
  Louise (Swamp:2)
  An orc warlord (Orc:1)
  2 eleionomae
  A spark wasp (Spider:2)
  2 bunyips
  4 fire dragons
  Snorg (Lair:3)
  A shambling mangrove (Swamp:2)
  An entropy weaver (Spider:3)
  A jorogumo (Spider:1)
  17 hydras
  2 ghost crabs (Swamp:4)
  A radroach (Spider:2)
  A boulder beetle (Spider:2)
  A dancing weapon (Elf:1)
  5 death yaks
  9 alligators
  An orc high priest (Orc:1)
  A spriggan berserker (Swamp:2)
  A deep elf knight (Elf:1)
  7 spriggans
  Nergalle (Lair:3)
  A skyshark (Lair:3)
  3 fire crabs
  A pharaoh ant (Spider:2)
  5 goliath frogs
  6 spriggan druids
  A wizard (Volcano)
  2 deep elf archers (Elf:1)
  2 orb spiders
  A bog body (Swamp:3)
  6 swamp dragons
  Pikel (D:6)
  2 deep elf pyromancers (Elf:1)
  3 deep elf zephyrmancers (Elf:1)
  4 orc knights
  4 orc sorcerers
  A manticore (D:11)
  10 wolf spiders
  3 cyclopes (Volcano)
  3 salamanders (Volcano)
  13 elephants
  A black mamba (Lair:5)
  A demonic crawler (Spider:3)
  6 molten gargoyles
  A gargoyle (Volcano)
  A torpor snail (Spider:3)
  8 cane toads
  6 komodo dragons (Lair:5)
  Maggie (D:10)
  2 trolls
  A polar bear (Lair:3)
  8 tyrant leeches
  10 hornets
  12 tarantellas
  23 jumping spiders
  14 culicivoras
  5 wyverns
  A shadow (D:9)
  Eustachio (D:5)
  A ynoxinul (D:9)
  A fire elemental (Swamp:4)
  42 yaks
  3 steam dragons
  5 basilisks
  18 redbacks
  6 vampire mosquitoes
  11 swamp worms
  A warg (Orc:1)
  An acid dragon (D:11)
  9 water moccasins
  2 hell hounds (Lair:5)
  2 ice beasts (D:5)
  7 swamp drakes
  3 sky beasts
  16 orc warriors
  3 black bears
  An ogre (D:6)
  A wolf (D:8)
  2 centaurs
  2 lemures (D:6)
  A phantom (D:5)
  4 nameless horrors
  An elf zombie (Ossuary)
  5 kobold brigands
  8 bullfrogs
  A gnoll sergeant (D:8)
  8 scorpions
  A wight (D:9)
  5 killer bees (D:9)
  2 electric eels
  7 howler monkeys
  5 lava snakes (Lair:5)
  A centaur zombie (Ossuary)
  2 gnoll boudas
  9 hounds
  6 orc priests
  A human zombie (Ossuary)
  3 jellies
  2 sleepcaps
  An iguana (D:5)
  23 orc wizards
  11 hell rats
  A mummy (Ossuary)
  Robin (D:4)
  4 adders
  16 gnolls
  7 river rats (D:6)
  A white imp (D:8)
  An ufetubus (D:6)
  3 worms
  4 dart slugs
  48 orcs
  8 endoplasms
  3 giant cockroaches
  19 goblins
  6 hobgoblins
  2 jackals (D:5)
  19 kobolds
  A quokka (D:4)
  5 ball pythons
  2 bats (D:1)
  2 goblin zombies (Ossuary)
  5 hobgoblin zombies (Ossuary)
  3 kobold zombies (Ossuary)
  5 orc zombies (Ossuary)
  13 rats
  A rat zombie (Ossuary)
663 creatures vanquished.

Vanquished Creatures (collateral kills)
  A broodmother (Spider:3)
  2 bunyips
  3 eleionomae
  An ettin (Orc:1)
  A fire dragon (Lair:5)
  An entropy weaver (Spider:2)
  A hydra (Lair:3)
  2 two-headed ogres
  An alligator (Swamp:1)
  A pharaoh ant (Spider:3)
  2 orb spiders
  A goliath frog (Swamp:1)
  A steelbarb worm (Spider:1)
  2 swamp dragons
  4 bog bodies
  2 orc sorcerers
  A salamander (Volcano)
  A will-o-the-wisp (Swamp:3)
  2 wolf spiders
  A cyclops (Volcano)
  A cane toad (Lair:1)
  2 molten gargoyles
  A demonic crawler (Spider:1)
  A komodo dragon (Lair:4)
  2 tyrant leeches
  2 polar bears
  A troll (Orc:1)
  2 tarantellas
  A water elemental (Elf:1)
  2 spriggans
  An air elemental (Elf:1)
  A culicivora (Spider:2)
  10 jumping spiders
  3 yaks
  A basilisk (Lair:5)
  4 redbacks
  A steam dragon (Swamp:4)
  2 vampire mosquitoes (Swamp:3)
  3 swamp worms
  3 water moccasins
  2 orc warriors
  2 swamp drakes
  An ogre (Orc:2)
  A phantom (D:6)
  An elf zombie (Ossuary)
  A bullfrog (Lair:4)
  2 human zombies (Ossuary)
  2 orc priests
  2 orc wizards (Orc:2)
  A mummy (Ossuary)
  A gnoll (D:8)
  2 river rats (D:6)
  7 orcs
  5 kobolds (D:8)
  6 hobgoblin zombies (Ossuary)
  A jackal zombie (Ossuary)
  3 kobold zombies (Ossuary)
  3 orc zombies (Ossuary)
  3 rats (D:6)
  A rat zombie (Ossuary)
122 creatures vanquished.

Vanquished Creatures (others)
  A lindwurm (Swamp:4)
  A cyclops (Volcano)
  A torpor snail (Spider:3)
  A bloated husk (Swamp:4)
  A culicivora (Spider:1)
  A hell hound (Lair:5)
  2 swamp drakes (Swamp:4)
  2 foxfires (Swamp:3)
10 creatures vanquished.

Grand Total: 795 creatures vanquished

Notes
Turn   | Place    | Note
-------+----------+-------------------------------------------
     0 | D:1      | browni3141 the Formicid Ice Elementalist began the quest
                  | for the Orb.
     0 | D:1      | Reached XP level 1. HP: 13/13 MP: 3/3
   316 | D:1      | Found Bamuog's Antique Weapon Shoppe.
   339 | D:1      | Reached XP level 2. HP: 8/19 MP: 0/5
   425 | D:1      | Found Wetseik's Weapon Shop.
   587 | D:1      | Found Geul's Book Emporium.
  1173 | D:2      | Reached XP level 3. HP: 24/24 MP: 4/6
  1188 | D:1      | Reached skill level 3 in Stealth
  1412 | D:1      | Learned a level 3 spell: Frozen Ramparts
  1416 | D:1      | Learned a level 3 spell: Ozocubu's Armour
  1444 | D:2      | Reached XP level 4. HP: 28/31 MP: 2/8
  1527 | D:2      | Found a radiant altar of Vehumet.
  1876 | D:3      | Found Naumus's General Store.
  1885 | D:3      | Bought a scroll of identify for 20 gold pieces
  2283 | D:3      | Reached XP level 5. HP: 36/37 MP: 9/9
  2437 | D:4      | Reached skill level 3 in Spellcasting
  2800 | D:4      | Reached skill level 3 in Dodging
  2869 | D:4      | Reached XP level 6. HP: 8/44 MP: 2/10
  3077 | D:4      | Noticed Robin
  3100 | D:4      | Killed Robin
  3414 | D:5      | Entered Level 5 of the Dungeon
  3415 | D:5      | Noticed Eustachio
  3424 | D:5      | Noticed an ice beast
  3478 | D:5      | Reached skill level 6 in Ice Magic
  3483 | D:5      | Learned a level 4 spell: Summon Ice Beast
  3565 | D:5      | Reached XP level 7. HP: 42/50 MP: 8/11
  4031 | D:5      | Reached XP level 8. HP: 56/56 MP: 8/12
  4054 | D:5      | Reached skill level 3 in Summonings
  4776 | D:6      | Noticed Pikel
  4791 | D:6      | Killed Pikel
  4792 | D:6      | Reached skill level 6 in Spellcasting
  4792 | D:6      | Reached XP level 9. HP: 37/61 MP: 2/18
  4841 | D:6      | Found a sand-covered staircase.
  4850 | Ossuary  | Entered an ossuary
  5225 | Ossuary  | Reached skill level 3 in Fighting
  6227 | D:5      | Reached skill level 9 in Ice Magic
  6965 | D:7      | Found a staircase to the Ecumenical Temple.
  6993 | Temple   | Entered the Ecumenical Temple
  7188 | Temple   | Became a worshipper of Elyvilon the Healer
  7283 | D:7      | Reached skill level 6 in Fighting
  7283 | D:7      | Reached XP level 10. HP: 18/76 MP: 11/19
  7473 | D:7      | Found Vokink's Overcharged Wands.
  7807 | D:7      | You are sucked into a shaft and drop 2 floors!
  8085 | D:8      | Noticed a two-headed ogre
  8085 | D:8      | Found an ornate altar of the Wu Jian Council.
  8094 | D:8      | You are sucked into a shaft and drop 3 floors!
  8189 | D:11     | Found Qefior's Mass Market.
  8469 | D:11     | Reached * piety under Elyvilon
  8591 | D:11     | Noticed a manticore
  8597 | D:11     | Killed a manticore
  8811 | D:11     | Bought a +0 tower shield for 58 gold pieces
  8826 | D:10     | Entered Level 10 of the Dungeon
  8997 | D:10     | Noticed a two-headed ogre
  9018 | D:10     | Killed a two-headed ogre
  9019 | D:10     | Reached skill level 9 in Fighting
  9019 | D:10     | Reached skill level 6 in Dodging
  9019 | D:10     | Reached XP level 11. HP: 56/89 MP: 4/20
  9196 | D:10     | Reached skill level 3 in Shields
  9291 | D:10     | Found a staircase to the Orcish Mines.
  9313 | D:10     | Reached skill level 6 in Shields
  9447 | D:10     | Noticed a fire dragon
  9826 | D:8      | Killed a two-headed ogre
  9844 | D:8      | Reached skill level 9 in Shields
 10072 | D:8      | Reached ** piety under Elyvilon
 10323 | D:8      | Found a staircase to the Lair.
 10481 | D:8      | Found a broken altar of Ashenzari.
 11095 | D:9      | Reached *** piety under Elyvilon
 11457 | D:9      | Found a bloodstained altar of Trog.
 11510 | D:9      | Found a shimmering blue altar of Sif Muna.
 11518 | D:9      | Reached XP level 12. HP: 92/97 MP: 18/21
 11519 | D:9      | Got Sif Muna's Directory of Grey Dark Mysteries
 11925 | D:10     | Found a glowing golden altar of the Shining One.
 11926 | D:10     | Found a hide-covered altar of Uskayaw.
 11928 | D:10     | Found a stormy altar of Qazlal.
 12029 | D:10     | Found a glowing silver altar of Zin.
 12060 | D:10     | Noticed Maggie
 12067 | D:10     | Killed Maggie
 12165 | D:10     | Identified the +7 dagger "Waufenam" {drain, rPois Will+
                  | Int+3}
 12351 | D:10     | Fell from the grace of Elyvilon
 12351 | D:10     | Became a worshipper of Zin the Law-Giver
 12351 | D:10     | Reached * piety under Zin
 12351 | D:10     | Reached ** piety under Zin
 12351 | D:10     | Reached *** piety under Zin
 12526 | D:10     | Killed a fire dragon
 12527 | D:10     | Reached skill level 12 in Shields
 12623 | D:10     | Reached **** piety under Zin
 12784 | D:5      | Killed Eustachio
 12867 | D:1      | Bought a book of Winter for 374 gold pieces
 12873 | D:1      | Learned a level 5 spell: Metabolic Englaciation
 13006 | Lair:1   | Entered Level 1 of the Lair of Beasts
 13196 | Lair:1   | Found a hide-covered altar of Uskayaw.
 13456 | Lair:1   | Reached skill level 3 in Hexes
 13932 | Lair:2   | Noticed a six-headed hydra
 13937 | Lair:2   | Noticed a four-headed hydra
 13951 | Lair:2   | Killed a four-headed hydra
 13953 | Lair:2   | Killed a six-headed hydra
 14012 | Lair:2   | Found a dark tunnel.
 14017 | Volcano  | Entered a volcano
 14255 | Volcano  | Reached skill level 15 in Shields
 14265 | Volcano  | Reached skill level 2 in Invocations
 14285 | Volcano  | Noticed an orb of fire
 14291 | Volcano  | Reached skill level 3 in Invocations
 14301 | Volcano  | HP: 2/97 [orc knight/+0 dire flail of flaming (3)]
 14308 | Volcano  | Reached skill level 4 in Invocations
 14308 | Volcano  | Reached XP level 13. HP: 15/103 MP: 8/22
 14327 | Volcano  | Reached skill level 5 in Invocations
 14411 | Volcano  | Reached skill level 6 in Invocations
 14500 | Volcano  | Noticed an orb of fire
 14534 | Volcano  | Reached skill level 7 in Invocations
 15073 | Lair:2   | Found a hole to the Spider Nest.
 15091 | Lair:2   | Reached skill level 8 in Invocations
 15155 | Lair:2   | Noticed an eight-headed hydra
 15602 | Lair:2   | Reached skill level 9 in Invocations
 15671 | Lair:2   | Found a staircase to the Swamp.
 15783 | Lair:2   | Killed an eight-headed hydra
 15885 | Lair:3   | Identified the staff of poison "Bietumick" {rElec rPois rN+
                  | Will++ MP+9}
 15922 | Lair:3   | Noticed Snorg
 15936 | Lair:3   | Noticed Nergalle
 15936 | Lair:3   | Killed Snorg
 16035 | Lair:3   | Killed Nergalle
 16036 | Lair:3   | Reached skill level 10 in Invocations
 16137 | Lair:3   | Noticed a six-headed hydra
 16167 | Lair:3   | Killed a six-headed hydra
 17021 | Lair:4   | Reached skill level 11 in Invocations
 17072 | Lair:4   | Found a staircase to the Slime Pits.
 17073 | Lair:4   | Found a viscous altar of Jiyva.
 17142 | Lair:4   | Noticed a four-headed hydra
 17149 | Lair:4   | Reached ***** piety under Zin
 17165 | Lair:4   | Killed a four-headed hydra
 17365 | Lair:4   | Reached XP level 14. HP: 110/110 MP: 23/23
 17714 | Lair:5   | Entered Level 5 of the Lair of Beasts
 17762 | Lair:5   | Reached skill level 12 in Invocations
 17819 | Lair:5   | Reached skill level 12 in Ice Magic
 18362 | Lair:4   | Reached skill level 6 in Hexes
 18413 | Lair:4   | Reached skill level 3 in Armour
 19208 | Lair:5   | Found a large runed translucent door.
 19208 | Lair:5   | Found a large runed translucent door.
 19473 | Lair:5   | Identified the +2 ring mail of Degrech {rPois rC+++ rCorr
                  | Int-5}
 19662 | Orc:1    | Entered Level 1 of the Orcish Mines
 19662 | Orc:1    | Found Huigon's Armour Shoppe.
 19704 | Orc:1    | Bought the +0 pair of gloves of Responsibility {rC++ Int-2}
                  | for 297 gold pieces
 19883 | Orc:1    | Reached skill level 13 in Invocations
 19976 | Orc:2    | Entered Level 2 of the Orcish Mines
 20036 | Orc:1    | Found Leugigh's General Store.
 20036 | Orc:1    | Found Pyur's Specific Store.
 20044 | Orc:1    | Reached ****** piety under Zin
 20065 | Orc:1    | Bought 2 potions of heal wounds for 140 gold pieces
 20341 | Orc:2    | Noticed an orc warlord
 20383 | Orc:1    | Killed an orc warlord
 20447 | Orc:2    | Found Neschon's Antique Armour Shoppe.
 20752 | Orc:1    | Reached XP level 15. HP: 63/115 MP: 23/25
 20849 | Orc:2    | Found Kaosuale's General Store.
 21139 | Orc:2    | Found a staircase to the Elven Halls.
 21387 | Orc:2    | Found Novereeps's Jewellery Shoppe.
 21403 | Orc:2    | Found Nomyr's Antique Weapon Shoppe.
 21735 | D:1      | Bought a book of Frost for 220 gold pieces
 21739 | D:1      | Learned a level 3 spell: Hailstorm
 21745 | D:1      | Learned a level 5 spell: Freezing Cloud
 21923 | Spider:1 | Entered Level 1 of the Spider Nest
 22240 | Spider:1 | Identified the +10 whip of Compound Interest {speed, Int+3}
 22364 | Spider:1 | Noticed Aizul
 22395 | Spider:1 | Killed Aizul
 22549 | Spider:1 | Zin protects you from harm!
 23055 | Spider:2 | Reached skill level 14 in Invocations
 23152 | Spider:2 | Found a transporter.
 23300 | Spider:2 | Reached skill level 3 in Conjurations
 23326 | Spider:2 | Reached skill level 3 in Air Magic
 23467 | Spider:2 | Noticed a broodmother
 23467 | Spider:2 | Noticed a ghost moth
 23622 | Spider:2 | Noticed an emperor scorpion
 23641 | Spider:2 | Noticed an emperor scorpion
 23719 | Spider:2 | Was placed under penance by Zin
 23832 | Spider:2 | Found a transporter.
 24539 | Spider:3 | Donated 261 gold pieces to Zin
 24584 | Spider:2 | Was forgiven by Zin
 24587 | Spider:3 | Noticed a broodmother
 24897 | Spider:3 | Noticed an emperor scorpion
 24907 | Spider:3 | Killed an emperor scorpion
 24926 | Spider:3 | Killed a broodmother
 24927 | Spider:3 | Reached XP level 16. HP: 122/122 MP: 14/26
 25553 | Spider:4 | Entered Level 4 of the Spider Nest
 25733 | Swamp:1  | Entered Level 1 of the Swamp
 26003 | Swamp:1  | Reached skill level 15 in Ice Magic
 26178 | Swamp:1  | Noticed Frances
 26194 | Swamp:1  | Killed Frances
 26699 | Swamp:2  | Noticed Louise
 26727 | Swamp:2  | Killed Louise
 27116 | Swamp:2  | You fall into a shaft and drop 1 floor!
 27899 | Swamp:3  | HP: 1/122 [eleionoma/spray of wooden splinters (49)]
 27954 | Swamp:3  | Reached XP level 17. HP: 69/128 MP: 23/28
 28352 | Swamp:4  | Entered Level 4 of the Swamp
 28615 | Swamp:4  | Reached skill level 15 in Invocations
 28624 | Swamp:4  | Reached skill level 6 in Conjurations
 29119 | Swamp:4  | Reached skill level 16 in Invocations
 29190 | Swamp:4  | Got a decaying rune of Zot
 29564 | Swamp:4  | Reached skill level 17 in Invocations
 30191 | Elf:1    | Entered Level 1 of the Elven Halls
 30393 | Elf:1    | Found a magical portal.
 30402 | WizLab   | Entered Wucad Mu's Monastery
 30707 | Elf:1    | HP: 1/121 [+2 scimitar of holy wrath (28)]
 30710 | Elf:1    | Reached skill level 18 in Invocations
 30747 | Elf:1    | Slain by a +3 dire flail of pain

Illustrated notes

Levels and vault maps discovered:
D:1:      ncdulo_lavacross, layout_basic, serial_shops,
          nicolae_shop_back_alley_shop, shop, shop, minmay_quantized
D:2:      layout_rooms, basic_altar
D:3:      layout_loops_cross, serial_shops, shop, solitary_fountain,
          minmay_close_crescents
D:4:      layout_cave_pools, minivault_23, amethyst_killhole, uniq_robin
D:5:      layout_gridville, grunt_decor_junction, uniq_eustachio
D:6:      layout_loops_ring, chequers_ossuary_entry_cave, dk_rats_in_the_wall,
          uniq_pikel
D:7:      layout_loops_ring, minmay_temple_entry_arrows, solitary_fountain,
          nicolae_shop_overcharged_wands
D:8:      layout_cave_pools, erik_lair_island, hangedman_feature_mirror
D:9:      layout_roguey, nzn_overflow_gifts_of_might_and_magic
D:10:     dragon1_lemuel, layout_irregular_city, zin_academy, minitemple,
          orc_0_dummy, uniq_maggie
D:11:     layout_roguey, minmay_shop_mass, uniq_maurice, uniq_amaemon
Temple:   nicolae_temple_elliptical
Lair:1:   layout_hall_layers, basic_altar, st_stairs_12
Lair:2:   layout_small_grid, palyth_hydra_swamp_entry,
          spider_nest_entry_funnel_web, nicolae_volcano_entry_s_turn,
          portal_ice_cave_entry_pillars_1
Lair:3:   layout_chaotic_city, worms_lemuel, grunt_megastairs_2, uniq_nergalle,
          uniq_snorg
Lair:4:   layout_loops_ring, slime_entry_1, serial_bayou_shore_b
Lair:5:   cheibrodos_lair_end_hotspot, layout_big_grid, serial_bayou_shore_b
Swamp:1:  layout_basic_swamp, nicolae_swamp_orc_logging_accident, uniq_frances
Swamp:2:  layout_falls_marsh, nicolae_swamp_trees_clearing, swamp_pool4,
          uniq_louise
Swamp:3:  layout_falls_marsh, evilmike_swamp_ruin_rubble_2
Swamp:4:  swamp_fiery, layout_basic_swamp, swamp_pool3
Spider:1: layout_spider_delve, uniq_aizul
Spider:2: gammafunk_sealed_arena
Spider:3: layout_cave_pods
Spider:4: floodkiller_spider_rune_tomb, nicolae_spider_circle_web,
          nicolae_spider_claw_tunnel, uniq_nikola
Orc:1:    layout_caves, serial_shops, shop, nicolae_specific_store
Orc:2:    grunt_orc_cross, layout_caves, lightli_orcish_oven
Elf:1:    nicolae_elf_arrival_no_cutting_in_line, layout_loops_corners,
          mu_enter_wizlab_6, minivault_28

Skill      XL: |  1  2  3  4  5  6  7  8  9 10 11 12 13 14 15 16 17 |
---------------+----------------------------------------------------+-----
Dodging        | 2 3 6 7 8 |  8.0
Stealth        | 3 4 |  4.0
Fighting       | 1 2 6 9 10 | 10.0
Spellcasting   | 3 6 |  6.0
Ice Magic      | 5 6 7 8 9 10 11 12 14 16 | 16.0
Summonings     | 2 4 |  4.0
Shields        | 2 11 15 16 | 16.0
Hexes          | 5 7 8 |  8.0
Invocations    | 4 11 13 14 18 | 18.0
Armour         | 4 |  4.0
Conjurations   | 4 5 6 |  6.0
Air Magic      | 3 4 |  4.0

Action                     |  1- 3 |  4- 6 |  7- 9 | 10-12 | 13-15 | 16-18 || total
---------------------------+-------+-------+-------+-------+-------+-------++-------
  Melee: Unarmed           |     7 |       |       |       |       |       ||     7
         Staff             |    15 |       |       |       |   282 |   177 ||   474
         Dagger            |     8 |   113 |   372 |   405 |    82 |       ||   980
         Punch             |       |     1 |     8 |     7 |       |       ||    16
         Whip              |       |       |       |       |    37 |     6 ||    43
  Throw: Dart              |       |       |       |       |    50 |     4 ||    54
   Cast: Freeze            |    36 |    24 |    25 |   135 |   521 |   198 ||   939
         Ozocubu's Armour  |     1 |     2 |     8 |    23 |    61 |     6 ||   101
         Frozen Ramparts   |       |     4 |     8 |    48 |    96 |     4 ||   160
         Summon Ice Beast  |       |       |    16 |    21 |   101 |    68 ||   206
         Metabolic Englaci |       |       |       |       |    40 |    13 ||    53
         Freezing Cloud    |       |       |       |       |    18 |   128 ||   146
         Hailstorm         |       |       |       |       |     6 |    10 ||    16
 Invoke: Recite            |       |       |       |     3 |    15 |    11 ||    29
         Vitalisation      |       |       |       |       |     1 |     6 ||     7
         Donate Gold       |       |       |       |       |     1 |       ||     1
         Sanctuary         |       |       |       |       |       |     6 ||     6
         Imprison          |       |       |       |       |       |     3 ||     3
Ability: Dig               |       |       |     1 |     1 |     5 |     8 ||    15
         Shaft Self        |       |       |       |     1 |       |       ||     1
  Evoke: Wand              |       |       |       |     4 |    17 |     9 ||    30
         Phantom mirror    |       |       |       |       |     1 |     1 ||     2
    Use: Scroll            |       |     4 |       |     9 |     4 |     1 ||    18
         Potion            |       |       |     2 |     5 |     1 |     8 ||    16
   Stab: Sleeping          |     1 |     4 |    11 |     6 |     7 |     1 ||    30
         Distracted        |       |       |     4 |     2 |       |     3 ||     9
         Confused          |       |       |       |       |     1 |       ||     1
         Paralysed         |       |       |       |       |     1 |       ||     1
 Armour: Robe              |    10 |    28 |    97 |    40 |       |       ||   175
         Troll leather arm |       |       |       |    70 |   226 |    95 ||   391
  Dodge: Dodged            |    30 |    98 |   271 |   388 |   427 |   190 ||  1404
  Block: Tower shield      |       |       |       |   114 |  1113 |   517 ||  1744
